Map: Frozen Temple

Players

capac

  • Race: Terran Terran

A.I. 1 (Elite) - Winner!

  • Race: Terran Terran

VOD

Have the link to the VOD?

Description

Time

  • Played on: March 30, 2016, 1:44 p.m.
  • Length: 21:39
Show
View Real Time Build Order
Export as new Build Order

capac Terran 

Build Orders:  

Get SALT Encoding   

  12  0:01  SCV  
  13  0:13  SCV  
  14  0:19  Supply Depot  
  14  0:25  SCV  
  15  0:41  SCV  
  16  0:42  Barracks  
  16  0:50  Refinery  
  16  0:53  SCV  
  17  1:05  SCV  
  18  1:17  SCV  
  19  1:29  SCV  
  20  1:35  Barracks Reactor  
  20  1:36  Command Center  
  20  1:41  SCV  
  21  1:55  Orbital Command  
  21  2:13  Factory  
  21  2:14  Marine x2  
  23  2:21  Supply Depot  
  23  2:24  Refinery  
  23  2:30  SCV  
  23  2:34  Marine x2  
  26  2:45  Supply Depot  
  26  2:53  Orbital Command  
  26  2:57  Factory Tech Lab  
  26  2:58  Marine x2  
  27  3:05  Bunker  
  27  3:15  Bunker  
  26  3:25  Marine x2  
  28  3:31  Siege Tank  
  22  4:07  Siege Tank, SCV  
  24  4:21  SCV  
  24  4:56  Supply Depot  
  24  5:15  Barracks, Command Center  
  24  5:23  Siege Tank  
  27  5:32  Starport  
  27  5:44  SCV  
  28  5:55  Siege Tank  
  31  6:05  Barracks Tech Lab  
  31  6:12  Starport Reactor  
  31  6:14  Supply Depot  
  30  6:22  Barracks  
  30  6:52  Orbital Command  
  30  6:53  SCV  
  31  6:56  Medivac  
  33  7:05  SCV  
  34  7:17  SCV  
  34  7:22  SCV  
  36  7:25  Barracks  
  36  7:26  Barracks Reactor  
  36  7:33  Medivac x2  
  40  7:40  SCV x2  
  42  7:52  SCV x2  
  42  7:56  Marine  
  45  8:00  Stimpack  
  45  8:03  Marine x2  
  47  8:08  Refinery, SCV x2  
  49  8:16  Barracks Reactor  
  49  8:19  Supply Depot  
  49  8:21  SCV x2  
  51  8:34  SCV x2  
  51  8:35  Refinery, Command Center  
  51  8:40  Marine x3  
  56  8:44  Medivac  
  56  8:45  Medivac  
  60  8:51  Supply Depot  
  60  8:58  Siege Tank  
  63  9:03  SCV  
  63  9:06  SCV  
  65  9:14  Supply Depot  
  65  9:15  SCV  
  66  9:18  SCV  
  66  9:20  Marine x2  
  66  9:21  Marine  
  66  9:22  Marine  
  71  9:25  Marine  
  72  9:33  SCV x2  
  72  9:36  Siege Tank  
  77  9:45  SCV x2  
  79  9:53  Marine x2, Medivac x2  
  79  9:54  Marine  
  79  9:59  SCV  
  88  10:00  SCV  
  78  10:15  Marine x5  
  78  10:20  Orbital Command  
  83  10:23  Medivac x2  
  87  10:35  Liberator  
  87  10:37  Marine x5  
  92  10:52  SCV x3  
  98  10:57  Marine  
  98  10:58  Marine x2  
  101  11:16  Supply Depot  
  101  11:17  Supply Depot  
  101  11:35  Combat Shields  
  101  11:37  Marine x5, SCV x3  
  101  11:39  Siege Tank  
  112  11:43  Barracks  
  112  11:45  Barracks  
  112  11:46  Supply Depot  
  112  11:47  Supply Depot  
  112  11:49  SCV  
  112  11:50  SCV x2  
  112  11:51  Liberator x2  
  115  11:55  Marine x2  
  115  11:56  Refinery  
  115  11:57  Refinery  
  117  12:08  Marine x3, SCV x3  
  129  12:13  Marine x2  
  131  12:26  Marine x2  
  133  12:32  Supply Depot  
  133  12:34  Supply Depot  
  133  12:36  Marine x3, Barracks Reactor x2  
  136  12:43  Marine  
  137  12:44  Siege Tank  
  137  12:45  Barracks  
  137  12:46  Barracks  
  98  13:09  Marine x3  
  87  13:16  Siege Tank  
  74  13:40  Marine x5  
  74  13:41  Marine x3  
  73  13:42  Marine  
  73  13:43  Marine  
  76  13:49  Siege Tank  
  72  13:58  Marine x6  
  72  13:59  Marine x2  
  72  14:15  Marine  
  72  14:16  Marine x7  
  80  14:21  Siege Tank  
  81  14:48  Marine x5  
  81  14:49  Marine x3  
  78  15:06  Marine, Orbital Command  
  79  15:15  Command Center  
  69  15:35  Engineering Bay  
  69  15:40  Medivac x2  
  73  15:50  Supply Depot  
  73  15:55  Supply Depot  
  73  15:56  SCV x2  
  75  16:00  Marine x3  
  75  16:01  Marine x5  
  83  16:07  Missile Turret  
  83  16:08  SCV  
  83  16:10  Medivac x2  
  88  16:27  SCV x2  
  90  16:39  SCV  
  54  17:38  Marine x4  
  54  17:39  Marine x4  
  54  17:40  Siege Tank  
  65  17:49  Bunker  
  65  17:54  Barracks Reactor  
  65  17:55  Barracks Reactor  
  65  17:56  Marine x5  
  65  17:58  Starport, Medivac x2  
  72  18:01  Starport  
  74  18:05  Orbital Command  
  74  18:12  Siege Tank  
  77  18:14  Bunker  
  77  18:19  Engineering Bay  
  77  18:20  Marine  
  77  18:21  Engineering Bay, Marine x6  
  77  18:22  Marine  
  85  18:33  Armory  
  85  18:36  SCV x3  
  85  18:38  Marine  
  85  18:39  Starport Reactor  
  85  18:40  Starport Reactor  
  89  18:44  Siege Tank  
  89  18:46  Factory  
  89  18:47  Marine x3  
  89  18:48  Marine x5  
  98  18:49  Marine x3  
  98  18:50  Factory  
  98  18:53  SCV  
  98  18:54  SCV x2  
  106  18:56  Marine  
  107  19:04  Terran Infantry Weapons Level 1, Terran Infantry Armor Level 1  
  107  19:05  Marine  
  107  19:06  SCV  
  107  19:07  Marine x2  
  107  19:08  Marine x8  
  107  19:09  Supply Depot  
  119  19:29  SCV x3  
  119  19:30  Refinery  
  122  19:31  Refinery, Factory Tech Lab  
  122  19:33  Factory Tech Lab  
  122  19:53  Siege Tank x3  
  122  19:55  Medivac x2  
  122  19:56  Medivac x2  
  122  19:57  Medivac x2  
  116  20:23  Liberator x4  
  116  20:24  Liberator  
  81  20:43  Marine x2  
  56  21:02  Marine  
  56  21:03  Marine x2  
Show
View Real Time Build Order
Export as new Build Order

A.I. 1 (Elite) Terran - Winner!

Build Orders: MMM Bio 

Get SALT Encoding   

  12  0:10  Supply Depot  
  12  0:13  SCV  
  13  0:37  Barracks  
  13  0:43  Barracks  
  13  0:58  Barracks  
  13  0:59  SCV  
  14  1:11  SCV  
  15  1:24  Marine  
  16  1:27  Barracks  
  16  1:29  Marine  
  17  1:42  Marine  
  17  1:44  Marine  
  19  1:47  Marine  
  19  1:53  Supply Depot  
  20  1:59  Marine  
  21  2:04  Marine  
  21  2:05  Marine  
  23  2:14  Marine  
  24  2:17  Marine  
  25  2:23  Marine x2  
  27  2:32  Marine  
  27  2:35  Marine  
  29  2:41  Marine  
  30  2:45  Supply Depot  
  30  2:47  Marine  
  31  2:57  Refinery  
  31  3:06  SCV  
  32  3:19  SCV  
  33  3:31  SCV  
  34  3:43  SCV  
  35  3:55  SCV  
  34  4:00  Factory  
  32  4:07  SCV  
  32  4:19  SCV  
  32  4:22  Supply Depot, Barracks Tech Lab  
  33  4:25  Refinery  
  32  4:31  SCV  
  32  4:35  Marine  
  34  4:39  Marine  
  34  4:41  Marauder  
  34  4:43  Marine, Factory Tech Lab, SCV  
  32  4:53  Marine  
  32  4:55  SCV  
  32  4:56  Marine  
  35  5:01  Marine  
  35  5:02  Marauder  
  38  5:07  SCV  
  38  5:11  Marine  
  40  5:17  Supply Depot  
  40  5:20  Orbital Command  
  40  5:22  Stimpack  
  40  5:23  Marine  
  40  5:24  Marauder  
  43  5:45  Marauder  
  43  5:47  SCV  
  45  5:57  Marine  
  45  6:00  Engineering Bay  
  46  6:06  Marauder  
  48  6:14  Command Center  
  48  6:26  Terran Infantry Weapons Level 1  
  48  6:28  Marauder  
  50  6:33  Supply Depot  
  49  6:49  Marauder  
  49  6:51  Engineering Bay  
  51  6:58  Barracks Tech Lab  
  51  7:01  Barracks Reactor  
  51  7:04  Marine  
  52  7:11  Marauder  
  54  7:16  Concussive Shells, Marine  
  54  7:17  Terran Infantry Armor Level 1  
  54  7:21  Supply Depot  
  54  7:22  Combat Shields  
  55  7:28  Starport  
  55  7:34  Marauder  
  57  7:40  SCV  
  57  7:43  SCV  
  59  7:52  SCV  
  59  7:55  SCV  
  61  8:04  SCV  
  69  8:05  Medivac  
  62  8:07  SCV  
  65  8:16  SCV  
  65  8:19  SCV  
  67  8:20  Marauder, Marine  
  67  8:24  Marine  
  71  8:28  SCV  
  71  8:31  SCV  
  73  8:35  Medivac  
  73  8:38  Command Center  
  75  8:45  Orbital Command  
  75  8:46  SCV  
  76  8:56  Supply Depot  
  76  8:57  Marauder  
  76  8:59  SCV  
  79  9:04  Marauder  
  79  9:09  Missile Turret  
  81  9:11  SCV x2  
  83  9:21  Armory  
  83  9:37  Missile Turret  
  83  9:38  Medivac  
  83  9:39  Missile Turret  
  83  9:44  Supply Depot  
  85  9:48  Marine  
  85  9:50  SCV  
  87  9:53  SCV  
  87  9:56  SCV  
  89  10:02  SCV  
  89  10:05  Marine, SCV  
  80  10:07  Marine  
  80  10:08  Terran Infantry Weapons Level 2, Marine, SCV  
  80  10:09  Starport Reactor  
  80  10:10  Marine  
  80  10:11  Marine  
  80  10:15  SCV  
  80  10:17  SCV  
  80  10:20  SCV  
  83  10:23  Marine, Siege Tank  
  83  10:25  Marine  
  83  10:26  Marine  
  83  10:27  SCV  
  90  10:29  SCV  
  90  10:32  SCV  
  92  10:39  SCV  
  92  10:40  Refinery  
  92  10:41  Refinery, SCV  
  94  10:44  SCV  
  94  10:45  Medivac  
  97  10:52  SCV  
  97  10:53  SCV  
  97  10:54  Refinery  
  97  10:55  Siege Tank  
  97  10:56  Refinery, SCV  
  103  10:59  Command Center  
  103  11:07  Supply Depot, SCV  
  103  11:08  SCV  
  103  11:10  SCV  
  106  11:19  SCV  
  106  11:21  SCV  
  106  11:22  SCV  
  109  11:27  Viking, Siege Tank  
  109  11:31  SCV  
  109  11:32  Supply Depot  
  115  11:33  SCV  
  115  11:34  Viking  
  115  11:35  SCV  
  100  11:47  Liberator  
  119  11:54  SCV x2  
  120  11:56  Supply Depot  
  120  11:57  Viking  
  120  11:58  Marine  
  120  11:59  Siege Tank  
  127  12:02  Orbital Command  
  130  12:09  Missile Turret  
  130  12:10  Liberator  
  130  12:11  Marine x3, SCV  
  130  12:12  Missile Turret, SCV  
  135  12:16  Missile Turret  
  135  12:18  Marauder  
  135  12:21  Supply Depot  
  137  12:24  Marine  
  137  12:25  Missile Turret  
  137  12:29  Liberator  
  143  12:30  Marauder  
  143  12:32  Siege Tank  
  143  12:34  Terran Infantry Weapons Level 3, Marine  
  143  12:35  Marine  
  148  12:39  Marine  
  148  12:43  Planetary Fortress  
  149  12:46  Supply Depot  
  149  12:48  Missile Turret  
  154  12:51  Marauder  
  154  12:55  Refinery, Marine  
  154  12:57  Marauder  
  154  13:03  Refinery, Marine  
  154  13:04  Marine, SCV  
  154  13:05  Liberator  
  154  13:11  Missile Turret, SCV  
  154  13:12  Marine  
  146  13:13  Marine  
  146  13:16  Missile Turret, SCV x2  
  146  13:18  Marauder  
  146  13:19  Supply Depot  
  136  13:20  SCV  
  136  13:21  Marine  
  136  13:23  SCV  
  120  13:28  SCV x2  
  120  13:29  Marine  
  120  13:30  Marauder  
  120  13:32  SCV  
  120  13:33  Marine  
  123  13:35  SCV  
  123  13:40  Marine x2, SCV  
  110  13:42  SCV  
  110  13:47  SCV  
  110  13:48  SCV  
  99  13:51  Marine x2  
  99  13:53  Marine, SCV  
  93  13:57  SCV  
  93  13:59  Marine  
  93  14:00  Marine  
  84  14:05  Starport Tech Lab, SCV  
  84  14:09  Marine x2  
  65  14:11  Marine  
  65  14:14  SCV x2  
  52  14:17  Marine  
  52  14:18  Marauder, SCV  
  46  14:25  Raven  
  46  14:27  Marine  
  46  14:30  Marine  
  48  14:35  Marine  
  47  14:38  SCV  
  47  14:40  Marauder  
  47  14:41  SCV  
  47  14:44  Marine  
  49  14:46  SCV  
  49  14:48  Marine  
  49  14:51  SCV  
  52  14:52  SCV  
  52  14:53  Marine  
  52  14:56  SCV  
  52  14:58  SCV  
  55  15:01  Marine  
  55  15:03  Barracks Tech Lab, SCV  
  55  15:05  SCV  
  55  15:06  Marine  
  59  15:08  SCV  
  59  15:11  Marine  
  61  15:15  SCV  
  61  15:16  SCV  
  61  15:19  Marauder  
  61  15:20  SCV  
  66  15:21  SCV  
  66  15:22  Marauder  
  66  15:24  Marine  
  66  15:28  Marine, SCV  
  71  15:29  SCV  
  71  15:32  SCV  
  71  15:35  SCV  
  75  15:40  Marine, SCV  
  75  15:41  Marine  
  78  15:43  Marauder  
  78  15:44  SCV  
  78  15:46  Marine, SCV  
  83  15:52  SCV x2  
  83  15:56  SCV  
  85  15:58  Marauder, SCV  
  85  15:59  Marine  
  90  16:04  Marauder, SCV  
  90  16:05  SCV  
  90  16:08  SCV  
  90  16:10  SCV  
  95  16:16  SCV  
  96  16:20  Marauder, SCV  
  96  16:21  SCV  
  96  16:22  SCV  
  101  16:26  Marauder  
  101  16:28  SCV  
  101  16:30  Marine x2  
  101  16:31  Siege Tank  
  101  16:32  SCV  
  110  16:34  SCV  
  110  16:35  SCV  
  112  16:40  Marine, SCV  
  112  16:44  Liberator, SCV  
  112  16:47  Marine, SCV  
  115  16:48  Marine, Command Center  
  117  16:57  SCV  
  117  16:59  SCV  
  119  17:03  Siege Tank  
  122  17:13  Marauder  
  122  17:15  Marine x2  
  124  17:16  Marine  
  117  17:27  Liberator  
  107  17:33  Marine x2, Armory  
  107  17:34  Marine  
  107  17:35  Marauder, Siege Tank  
  115  17:43  Barracks  
  115  17:51  Marine x2, Missile Turret  
  118  17:52  Marauder  
  118  17:55  Marine  
  123  18:00  Factory  
  123  18:01  Planetary Fortress  
  123  18:07  Siege Tank  
  123  18:09  Marine  
  123  18:10  Marine  
  128  18:13  Marine  
  128  18:14  Marauder  
  131  18:22  Terran Infantry Armor Level 2, Missile Turret  
  131  18:24  Missile Turret  
  131  18:25  Command Center  
  131  18:26  Marine  
  131  18:27  Starport, Raven  
  132  18:28  Marine  
  132  18:30  Marine  
  132  18:31  Marauder  
  138  18:35  Marine  
  138  18:41  Armory  
  139  18:44  Marine, Factory Tech Lab  
  139  18:47  Marine  
  141  18:49  Ghost Academy  
  141  18:51  Missile Turret  
  141  18:53  Marauder, Missile Turret  
  141  18:54  Marauder  
  145  18:59  Marine  
  145  19:02  Viking, Marine  
  147  19:05  Marine  
  150  19:10  Hi-Sec Auto Tracking, Missile Turret, Medivac  
  150  19:11  High Capacity Fuel Tanks  
  150  19:14  Marauder  
  150  19:15  Marine, Liberator  
  155  19:17  Marine  
  155  19:20  Supply Depot, Marine  
  155  19:23  Marine  
  158  19:31  Missile Turret  
  158  19:33  Marine  
  158  19:34  Missile Turret  
  158  19:36  Marauder  
  158  19:38  Marine  
  165  19:39  Missile Turret, Planetary Fortress  
  165  19:40  Viking  
  165  19:42  Missile Turret  
  165  19:44  Barracks  
  167  19:47  Missile Turret  
  167  19:50  Ghost  
  167  19:51  Missile Turret  
  169  19:53  Missile Turret  
  169  19:54  Marine  
  169  19:55  Marine x2  
  169  19:57  Marauder  
  169  19:59  Liberator, Command Center  
  174  20:10  Viking  
  174  20:12  Marine  
  174  20:13  Marine  
  178  20:16  Marine  
  178  20:17  Missile Turret  
  178  20:18  Marauder  
  178  20:19  Siege Tank, Ghost  
  178  20:21  Siege Tank  
  156  20:30  Marine  
  156  20:31  Barracks Tech Lab, Marine  
  156  20:35  Marine  
  155  20:39  Marine  
  155  20:40  Medivac  
  156  20:48  Marauder, Marine  
  156  20:49  Marauder, Marine  
  162  20:57  Ghost  
  162  20:59  Starport Reactor  
  162  21:02  Marine  
  165  21:05  Marine  
  165  21:07  Marine  
  165  21:09  Ghost  
  165  21:10  Marauder  
  173  21:20  Marine, Missile Turret  
  174  21:27  Missile Turret  
  174  21:29  Missile Turret  
Tags
 
Composition
MMM Bio
Matchup
TvT
Race
Terran
Add a new tag
Caveats
  • Supply blocks, unpowered buildings, or Contaminate may cause inaccurate times.
  • Supply counts are checked every 10 seconds.